 Dungeon Crawl Stone Soup version 0.18-a0-1542-g9c1a92e (webtiles) character file.

53 M4edhros the Charlatan (level 3, 0/23 HPs)
             Began as an Octopode Artificer on Mar 10, 2016.
             Slain by a giant gecko (2 damage)
             ... on level 2 of the Dungeon.
             The game lasted 00:01:59 (1508 turns).

M4edhros the Charlatan (Octopode Artificer)         Turns: 1508, Time: 00:01:59

Health: 0/23       AC:  1    Str: 10    XL:     3   Next: 87%
Magic:  6/6        EV: 13    Int: 14    God:
Gold:   105        SH:  0    Dex: 13    Spells: 0 memorised, 2 levels left

rFire  . . .     SeeInvis .     k - +0 long sword (slice)
rCold  . . .     Gourm    .     (no shield)
rNeg   . . .     Faith    .     (helmet restricted)
rPois  .         Spirit   .     (no amulet)
rElec  .         Dismiss  .     (no ring)
rCorr  .         Reflect  .     (no ring)
SustAt .         Harm     .     (no ring)
MR     .....                    (no ring)
Stlth  +++.......               (no ring)
                                (no ring)
                                (no ring)
                                (no ring)

@: drained, not resistant to hostile enchantments, fairly stealthy
A: almost no armour, amphibious, 8 rings, constrict 8, camouflage 1, gelatinous
body 1
a: no special abilities


You were on level 2 of the Dungeon.
You were not hungry.

You visited 1 branch of the dungeon, and saw 2 of its levels.

You collected 105 gold pieces.

Inventory:

Hand Weapons
 a - a +0 short sword
 k - a +0 long sword of slicing (weapon)
 m - a +0 hunting sling
Missiles
 e - 27 sling bullets
 i - 48 stones (quivered)
Wands
 b - a wand of flame (15/48)
 c - a wand of enslavement (15/24)
 d - a wand of random effects (15/48)
Scrolls
 g - a scroll of fog {unknown}
 j - a scroll of remove curse {unknown}
 l - a scroll of identify {unknown}
 n - a scroll of recharging {unknown}
Potions
 h - a potion of invisibility {unknown}
 o - a potion of curing {unknown}
 q - a potion of magic {unknown}
Comestibles
 f - a bread ration
 p - a chunk of flesh


   Skills:
 - Level 1.0(0.5) Fighting
 - Level 1.0(0.5) Short Blades
 + Level 3.2(2.7) Dodging
 - Level 1.3(0.8) Stealth
 + Level 4.2(3.7) Evocations


You had 2 spell levels left.
You didn't know any spells.

Dungeon Overview and Level Annotations

Branches:
Dungeon (2/15)

Altars:


Innate Abilities, Weirdness & Mutations

You cannot wear most types of armour.
You are amphibious.
You can wear up to eight rings at the same time.
You can use your tentacles to constrict eight enemies at once.
Your skin changes colour to match your surroundings (Stealth).
Your rubbery body absorbs attacks (AC +1).


Message History

The giant gecko moves out of view.
Things that are here:
a club; a kobold corpse The kobold closely misses you.
You barely miss the kobold. You grab the kobold. You constrict the kobold.
The kobold hits you with a short sword of draining.
You feel drained.
The kobold hits you with a short sword of draining.
You feel drained.
* * * LOW HITPOINT WARNING * * *
You are too injured to fight recklessly!
You are too injured to fight recklessly!
You hit the kobold.
You kill the kobold!
The giant gecko bites you.
* * * LOW HITPOINT WARNING * * *
Unknown command.
You closely miss the giant gecko. Your grab misses the giant gecko.
The giant gecko barely misses you. The giant gecko bites you.
You die...

...#.# #. #.# ....##
##.#.# #. #.. ...# #...
# #.. ##.## #.. #..# #
#####.######
###.######..........†
..##.........†$.......##
......###(.(....†.....#
......l@)†###.........#
......##### #..........#
..... #.....)....# ....
#..>.......# ...
#.......<..# ##
#..........# .........


You could see a giant gecko.

Vanquished Creatures
  An adder (D:2)
  A worm (D:2)
  3 dart slugs
  A giant gecko (D:1)
  5 bats
  A giant cockroach (D:2)
  2 goblins
  6 hobgoblins
  8 kobolds
  5 rats
33 creatures vanquished.

Notes
Turn   | Place    | Note
--------------------------------------------------------------
     0 | D:1      | M4edhros the Octopode Artificer began the quest for the Orb.
     0 | D:1      | Reached XP level 1. HP: 13/13 MP: 3/3
   227 | D:1      | Reached XP level 2. HP: 18/18 MP: 4/4
   786 | D:2      | Found a faded altar to an unknown god.
   795 | D:2      | Reached XP level 3. HP: 10/23 MP: 5/5
   796 | D:2      | Reached skill level 4 in Evocations
  1508 | D:2      | Slain by a giant gecko

Vault maps used:
D:1:      lemuel_arrival_funnel, due_unseen_surprise
D:2:      ecumenical_altar_1, nemelex_lonely_heart_becter

Skill      XL: |  1  2  3 |
---------------+----------+-----
Evocations     | 4 |  4.2
Dodging        | 3 |  3.2
Fighting       | |  1.0
Short Blades   | |  1.0
Stealth        | |  1.3

Action                   || total
-------------------------++-------
Melee: Short sword       ||    47
       Long sword        ||    25
 Fire: Hunting sling     ||     3
 Stab: Sleeping          ||     6
  Eat: Chunk             ||     2
